 Dungeon Crawl Stone Soup version 0.26.1-11-gd32895ea62 (webtiles) character file.

Game seed: 1578333725632025289

11835 Silvore the Carver (level 11, 0/86 HPs)
             Began as a Demonspawn Gladiator on June 29, 2021.
             Was a High Priest of Okawaru.
             Killed by divine providence
             ... invoked by an orc priest
              (12 damage)
             ... on level 2 of the Orcish Mines.
             The game lasted 00:23:26 (12669 turns).

Silvore the Carver (Demonspawn Gladiator)          Turns: 12669, Time: 00:23:27

Health: 0/86       AC: 19    Str: 20    XL:     11   Next: 54%
Magic:  0/11       EV: 17    Int: 10    God:    Okawaru [*****.]
Gold:   337        SH:  7    Dex: 25    Spells: 10/10 levels left

rFire    x . .     SeeInvis .   d - +1 long sword (drain)
rCold    + . .     Faith    .   U - +0 buckler of the Pink Corner {Dex+6}
rNeg     . . .     Spirit   +   G - +0 acid dragon scales
rPois    +         Reflect  .   (helmet restricted)
rElec    +         Harm     .   S - +1 cloak "Put-Me-On" {rPois}
rCorr    +         Rampage  .   (no gloves)
Will     +....                  (no boots)
Stlth    +++.......             (no amulet)
HPRegen  0.24/turn              V - ring "Wigozxyu" {rElec rPois Will+ Str+3 Dex+4}
MPRegen  0.12/turn              E - ring of ice

@: mighty, sanguine armour
A: horns 2, spiny 2, magic shield, sanguine armour 2
a: Renounce Religion, Heroism, Finesse


You were on level 2 of the Orcish Mines.
You worshipped Okawaru.
Okawaru was extremely pleased with you.
You visited 3 branches of the dungeon, and saw 13 of its levels.

You collected 1147 gold pieces.
You spent 810 gold pieces at shops.

Inventory:

Hand Weapons
 a - a +1 long sword
 d - a +1 long sword of draining (weapon)
 M - the +7 hunting sling of the End of Times {freeze, Int+3, unknown}
   (You found it on level 7 of the Dungeon)

   It causes projectiles fired from it to freeze those they strike, causing
   extra injury to most foes and up to half again as much damage against
   particularly susceptible opponents.
   They can also slow down cold-blooded creatures.
   It affects your intelligence (+3).
Missiles
 I - 3 throwing nets (quivered)
Armour
 b - a +0 leather armour
 c - a +0 helmet
 h - a +1 cloak
 t - a +0 scale mail
 u - a +0 buckler
 G - +0 acid dragon scales (worn)
 K - the +2 buckler of Oblivion {+Blink rF++ Dex-5 Stlth+}
   (You found it on level 7 of the Dungeon)

   It affects your dexterity (-5).
   It greatly protects you from fire.
   It lets you blink.
   It makes you more stealthy.
 S - the +1 cloak "Put-Me-On" (worn) {rPois}
   (You found it on level 10 of the Dungeon)

   It protects you from poison.
 U - the +0 buckler of the Pink Corner (worn) {Dex+6}
   (Okawaru gifted it to you on level 1 of the Orcish Mines)

   It affects your dexterity (+6).
Jewellery
 D - an uncursed ring of fire
 E - a ring of ice (right hand)
 T - a +4 ring of evasion
 V - the ring "Wigozxyu" (left hand) {rElec rPois Will+ Str+3 Dex+4}
   (You bought it in a shop on level 1 of the Orcish Mines)

   [ring of willpower]

   It affects your strength (+3).
   It affects your dexterity (+4).
   It insulates you from electricity.
   It protects you from poison.
   It affects your willpower, your defense against some magical effects.
Wands
 B - a wand of paralysis (5)
 F - a wand of random effects (20)
 H - a wand of acid (10)
 L - a wand of digging (3)
 P - a wand of enslavement (12)
Scrolls
 e - 7 scrolls of remove curse
 j - 4 scrolls of amnesia
 p - 2 scrolls of fear
 r - a scroll of fog
 w - 3 scrolls of identify
 y - a scroll of enchant weapon
 A - 2 scrolls of teleportation
 J - 2 scrolls of magic mapping
 O - a scroll of enchant armour
 R - a scroll of brand weapon {unknown}
Potions
 f - 3 potions of cancellation
 g - 3 potions of curing
 i - 2 potions of lignification
 k - 2 potions of haste
 l - a potion of might
 m - 2 potions of attraction
 o - a potion of magic {unknown}
 q - 2 potions of flight
 s - 3 potions of invisibility
 v - 3 potions of brilliance
 x - 3 potions of degeneration {unknown}
 z - a potion of ambrosia {unknown}
 C - 2 potions of mutation {unknown}
 N - a potion of resistance {unknown}
 Q - a potion of berserk rage {unknown}


   Skills:
 + Level 7.9 Fighting
 + Level 11.1 Long Blades
 + Level 2.1 Throwing
 + Level 6.7 Armour
 + Level 6.4 Dodging
 + Level 3.4 Stealth
 + Level 5.2 Shields
 + Level 0.5 Invocations


You had 10 spell levels left.
You didn't know any spells.
Your spell library contained the following spells:

 Spells                   Type           Power        Failure   Level
 Animate Skeleton         Necr           0%           43%         1
 Apportation              Tloc           0%           43%         1
 Corona                   Hex            0%           43%         1
 Foxfire                  Conj/Fire      0%           43%         1
 Shock                    Conj/Air       0%           43%         1
 Summon Small Mammal      Summ           0%           43%         1
 Swiftness                Air            0%           58%         2
 Conjure Flame            Conj/Fire      0%           82%         3
 Inner Flame              Hex/Fire       0%           82%         3
 Static Discharge         Conj/Air       0%           82%         3
 Airstrike                Air            0%           99%         4
 Sticky Flame             Conj/Fire      0%           99%         4
 Fireball                 Conj/Fire      0%           100%        5
 Lightning Bolt           Conj/Air       0%           100%        5


Dungeon Overview and Level Annotations

Branches:
Dungeon (10/15)            Temple (1/1) D:4             Orc (2/2) D:10
    Elf (0/3) Orc:2
   Lair: D:8-11

Altars:
Ashenzari
Cheibriados
Dithmenos
Elyvilon
Fedhas
Gozag
Makhleb
Nemelex Xobeh
Okawaru
Qazlal
Ru
Sif Muna
Trog
Uskayaw
Wu Jian
Xom
Zin
The Shining One
Lugonu

Shops:
D:6 !   D:7 (   D:8 *=*   D:9 }   Orc:1 =   Orc:2 (

Portals:
Abyss: Orc:2


Innate Abilities, Weirdness & Mutations

You have a pair of horns on your head.
You are mostly covered in sharp spines.
When hurt, damage is shared between your health and your magic reserves.
When seriously injured, your bleeding wounds create thick armour. (AC +9)


Message History

Okawaru accepts your kill.
You slash the orc knight! You headbutt the orc knight.
The orc knight is almost dead.
You closely miss the orc knight.
The orc knight is almost dead.
You feel like a meek peon again.
The orc knight is struck by your spines.
You kill the orc knight!
Okawaru accepts your kill.
You slash the chaos spawn! You headbutt the chaos spawn!
The chaos spawn is almost dead.
The chaos spawn completely misses you.
You slash the chaos spawn!
You kill the chaos spawn!
The chaos spawn degenerates into a cloud of primal chaos!
You slash the orc priest!
The orc priest is severely wounded.
The orc priest calls down the wrath of Beogh upon you.
Beogh smites you!
You die...

#......# #.....##
.....## ....## ...##
....# ...## .....
###### ......
##.@oo# ##....
##..##o....# ..##
#..##o......#
##.##o.o##.#.∩# . ..
### #..##..## .# .#
....###.## #.##.oo .
..##.....# #.##... #
.........###.##...
......#...##.#####..


You could see an orc high priest (strong) and 2 orc priests.

Vanquished Creatures
  Erolcha (Orc:1)
  A two-headed ogre (D:10)
  An orc high priest (Orc:1)
  An orc knight (Orc:2)
  3 orc sorcerers
  An oklob plant (D:9)
  The ghost of Cheops the Digger, a novice KoEE (D:6)
  Maggie (D:7)
  A hornet (D:10)
  A warg (Orc:1)
  A water moccasin (D:10)
  21 orc warriors
  5 ice beasts
  3 sky beasts
  2 phantoms
  8 ogres
  3 centaurs
  A big kobold (D:8)
  8 bullfrogs
  A wyvern zombie (D:8)
  2 scorpions
  A water moccasin skeleton (D:5)
  3 wights (D:9)
  3 howler monkeys (D:9)
  A quasit (D:8)
  4 hounds
  A jelly (D:5)
  15 orc priests
  2 centaur skeletons
  Ijyb (D:5)
  Jessica (D:2)
  6 worker ants
  24 orc wizards
  A bullfrog simulacrum (D:6)
  A worker ant zombie (D:8)
  Robin (D:2)
  12 adders
  7 gnolls
  A howler monkey simulacrum (D:6)
  6 white imps
  2 ufetubi
  An ooze (D:1)
  2 worms
  An adder skeleton (D:10)
  An adder zombie (D:8)
  4 dart slugs
  An adder simulacrum (D:6)
  7 leopard geckos
  49 orcs
  7 bats
  4 giant cockroaches
  17 goblins
  5 hobgoblins
  9 jackals
  10 kobolds
  5 quokkas
  5 frilled lizards
  A leopard gecko skeleton (D:8)
  A quokka skeleton (D:5)
  8 rats
298 creatures vanquished.

Vanquished Creatures (collateral kills)
  An iguana (D:7)
1 creature vanquished.

Vanquished Creatures (others)
  A sky beast (D:9)
  An orc (Orc:1)
  3 lurking horrors (Orc:2)
5 creatures vanquished.

Grand Total: 304 creatures vanquished

Notes
Turn   | Place    | Note
-------+----------+-------------------------------------------
     0 | D:1      | Silvore the Demonspawn Gladiator began the quest for the
                  | Orb.
     0 | D:1      | Reached XP level 1. HP: 16/16 MP: 1/1
   123 | D:1      | Gained mutation: You are partially covered in sharp spines.
                  | [demonic ancestry]
   123 | D:1      | Reached XP level 2. HP: 14/22 MP: 2/2
   510 | D:1      | Reached skill level 3 in Long Blades
   701 | D:1      | Gained mutation: When hurt, damage is shared between your
                  | health and your magic reserves. [demonic ancestry]
   701 | D:1      | Reached XP level 3. HP: 27/27 MP: 3/3
   918 | D:2      | Reached skill level 1 in Armour
  1288 | D:2      | Noticed Robin
  1295 | D:2      | Killed Robin
  1296 | D:2      | Gained mutation: When seriously injured, your bleeding
                  | wounds create armour. (AC +9) [demonic ancestry]
  1296 | D:2      | Reached XP level 4. HP: 25/34 MP: 4/4
  1494 | D:2      | Noticed Jessica
  1499 | D:2      | Killed Jessica
  1677 | D:2      | Gained mutation: When seriously injured, your bleeding
                  | wounds create thick armour. (AC +9) [demonic ancestry]
  1677 | D:2      | Reached XP level 5. HP: 39/39 MP: 5/5
  1868 | D:3      | Found a broken altar of Ashenzari.
  1986 | D:3      | Reached skill level 4 in Long Blades
  2071 | D:3      | Found a shadowy altar of Dithmenos.
  2228 | D:3      | Found a sparkling altar of Nemelex Xobeh.
  2666 | D:3      | Found a sacrificial altar of Ru.
  2899 | D:4      | Reached skill level 1 in Stealth
  2899 | D:4      | Gained mutation: You have a pair of small horns on your
                  | head. [demonic ancestry]
  2899 | D:4      | Reached XP level 6. HP: 24/47 MP: 3/6
  3225 | D:4      | Found a stormy altar of Qazlal.
  3227 | D:4      | Noticed an air elemental
  3228 | D:4      | Noticed a fire elemental
  3228 | D:4      | Noticed a water elemental
  3362 | D:4      | Reached skill level 5 in Long Blades
  3977 | D:4      | Gained mutation: You are mostly covered in sharp spines.
                  | [demonic ancestry]
  3977 | D:4      | Reached XP level 7. HP: 34/52 MP: 5/7
  4233 | D:4      | Found a staircase to the Ecumenical Temple.
  4574 | Temple   | Entered the Ecumenical Temple
  4596 | Temple   | Became a worshipper of Warmaster Okawaru
  4641 | D:5      | Entered Level 5 of the Dungeon
  4919 | D:4      | Reached skill level 6 in Long Blades
  4956 | D:4      | Reached * piety under Okawaru
  4957 | D:4      | Reached XP level 8. HP: 30/60 MP: 6/8
  5165 | D:5      | Found a sparkling altar of Nemelex Xobeh.
  5344 | D:5      | Noticed Ijyb
  5360 | D:5      | Killed Ijyb
  5628 | D:6      | Found Caeput's Distillery.
  5697 | D:6      | Found a runed translucent gate.
  5697 | D:6      | Found a runed translucent gate.
  5697 | D:6      | Found a runed translucent gate.
  5758 | D:6      | Noticed Cheops's ghost (novice KoEE)
  5792 | D:6      | Reached skill level 1 in Shields
  5804 | D:6      | Killed Cheops's ghost
  5804 | D:6      | Reached ** piety under Okawaru
  5805 | D:6      | Reached skill level 5 in Fighting
  5805 | D:6      | Reached skill level 7 in Long Blades
  5805 | D:6      | Reached skill level 5 in Armour
  6279 | D:6      | Found a burning altar of Makhleb.
  6279 | D:6      | Noticed an Executioner
  6428 | D:6      | Found a shimmering altar of Xom.
  6571 | D:7      | Reached XP level 9. HP: 67/68 MP: 7/9
  6622 | D:7      | Found Yfoazaph's Weapon Shoppe.
  6664 | D:7      | Noticed Maggie
  6688 | D:7      | Killed Maggie
  6689 | D:7      | Reached skill level 8 in Long Blades
  6934 | D:7      | Got a masterwork buckler
  6945 | D:7      | Identified the +2 buckler of Oblivion {+Blink rF++ Dex-5
                  | Stlth+} (You found it on level 7 of the Dungeon)
  6948 | D:7      | Found a hide-covered altar of Uskayaw.
  7049 | D:7      | Got a fine hunting sling
  7070 | D:7      | Found a hide-covered altar of Uskayaw.
  7149 | D:7      | Found a shadowy altar of Dithmenos.
  7268 | D:7      | Found a shimmering blue altar of Sif Muna.
  7277 | D:7      | Reached *** piety under Okawaru
  7741 | D:8      | Found Jorelua's Jewellery Shoppe.
  7930 | D:8      | Found Rime's Assorted Antiques.
  8207 | D:8      | Found Poeli's General Store.
  8440 | D:8      | Found a bloodstained altar of Trog.
  8586 | D:8      | Found a blossoming altar of Fedhas.
  8706 | D:9      | Reached skill level 5 in Dodging
  8720 | D:9      | Reached skill level 9 in Long Blades
  8871 | D:9      | Found Wajopyin's Gadget Boutique.
  8895 | D:9      | Found a blossoming altar of Fedhas.
  8980 | D:9      | Noticed an oklob plant
  9002 | D:9      | Gained mutation: You have a pair of horns on your head.
                  | [demonic ancestry]
  9002 | D:9      | Reached XP level 10. HP: 48/75 MP: 4/10
  9037 | D:9      | Found a glowing golden altar of the Shining One.
  9071 | D:9      | Killed an oklob plant
  9071 | D:9      | Reached **** piety under Okawaru
  9435 | D:10     | Entered Level 10 of the Dungeon
  9741 | D:10     | Noticed a two-headed ogre
  9827 | D:10     | Killed a two-headed ogre
  9996 | D:10     | Found a staircase to the Orcish Mines.
 10373 | D:10     | Got a distressingly furry cloak
 10384 | D:10     | Identified the +1 cloak "Put-Me-On" {rPois} (You found it
                  | on level 10 of the Dungeon)
 10435 | D:10     | Found a burning altar of Makhleb.
 10590 | Orc:1    | Entered Level 1 of the Orcish Mines
 10747 | Orc:1    | Reached skill level 10 in Long Blades
 10763 | Orc:1    | Noticed Erolcha
 10788 | Orc:1    | Killed Erolcha
 10909 | Orc:1    | Reached ***** piety under Okawaru
 10912 | Orc:1    | Found Axaar's Jewellery Shoppe.
 10931 | Orc:1    | Received a gift from Okawaru
 10934 | Orc:1    | Got a crude buckler {god gift}
 10945 | Orc:1    | Identified the +0 buckler of the Pink Corner {Dex+6}
                  | (Okawaru gifted it to you on level 1 of the Orcish Mines)
 11119 | Orc:1    | Bought the ring "Wigozxyu" {rElec rPois Will+ Str+3 Dex+4}
                  | for 810 gold pieces
 11168 | Orc:1    | Reached XP level 11. HP: 70/84 MP: 8/11
 11443 | Orc:2    | Entered Level 2 of the Orcish Mines
 11443 | Orc:2    | Noticed an orc sorcerer
 11443 | Orc:2    | Noticed an orc high priest
 11460 | Orc:1    | Noticed a sun demon
 11470 | Orc:1    | Killed an orc high priest
 11734 | Orc:1    | Paralysed by an orc sorcerer for 4 turns
 11739 | Orc:1    | Killed an orc sorcerer
 11783 | Orc:2    | Found a staircase to the Elven Halls.
 12217 | Orc:2    | Found a one-way gate to the infinite horrors of the Abyss.
 12218 | Orc:2    | Found a corrupted altar of Lugonu.
 12230 | Orc:2    | Reached skill level 5 in Shields
 12624 | Orc:2    | Found Pieroc's Weapon Shoppe.
 12624 | Orc:2    | Noticed an orc sorcerer
 12625 | Orc:2    | Noticed an orc knight
 12635 | Orc:2    | Noticed an orc sorcerer
 12638 | Orc:2    | Noticed an orc high priest
 12658 | Orc:2    | Killed an orc sorcerer
 12659 | Orc:2    | Reached skill level 11 in Long Blades
 12661 | Orc:2    | Killed an orc sorcerer
 12666 | Orc:2    | Killed an orc knight
 12669 | Orc:2    | Killed from afar by an orc priest

Illustrated notes

Levels and vault maps discovered:
D:1:      dpeg_arrival_short_road, layout_loops_cross, minmay_misc_feat_doors
D:2:      layout_rooms, minmay_misc_feat_square, uniq_robin, uniq_jessica
D:3:      layout_rooms, nemelex_altar_shiori, nicolae_ru_awakened_eye,
          nicolae_dithmenos_shadow_blocks, cheibrodos_ashenzari_chains
D:4:      layout_loops_ring, minmay_temple_entry_antechambers,
          skrybe_limestone_x, grunt_ministairs_4,
          nicolae_qazlal_style_of_elements
D:5:      layout_rooms, nemelex_lonely_heart_becter, uniq_ijyb
D:6:      lemuel_upstairs_altar, layout_loops_cross, makhleb_altar_promises_db,
          tgw_xom, serial_shops, nicolae_shop_statue_plus, gammafunk_ghost_icy,
          hangedman_decor_opposing, chequers_avenue, patterned_corridor
D:7:      kennysheep_orc_sif_temple, layout_rooms,
          eat_drink_and_be_merry_uskayaw, basic_altar, serial_shops, shop,
          minivault_10, kennysheep_diamond, david_defended_altar_elf,
          uniq_maggie
D:8:      layout_loops_corners, lightli_temple_of_fire, serial_shops,
          nicolae_shop_window_shopping, nicolae_shop_trees,
          nicolae_shop_behind_doors, pf_just_have_faith
D:9:      layout_cross, general_overflow_altar, serial_shops, shop_fountains,
          kennysheep_cross_room, st_stairs_3, lemuel_oklob_altar
D:10:     layout_basic, orc_0_dummy, basic_altar, minmay_misc_feat_rugged
Temple:   nicolae_temple_god_jail
Orc:1:    nicolae_orc_accident_1, layout_caves, serial_shops, shop, basic_altar,
          uniq_erolcha
Orc:2:    st_orc_elflike, layout_diamond_mine, amcnicky_altar_lugonu_corruption

Skill      XL: |  1  2  3  4  5  6  7  8  9 10 11 |
---------------+----------------------------------+-----
Dodging        | 3 4 5 6 |  6.4
Long Blades    | 3 4 5 6 7 9 10 11 | 11.1
Armour         | 1 2 3 5 6 |  6.7
Fighting       | 3 5 6 7 |  7.9
Stealth        | 1 3 |  3.4
Shields        | 1 2 4 5 |  5.2
Throwing       | 2 |  2.1
Invocations    | |  0.5

Action                   |  1- 3 |  4- 6 |  7- 9 | 10-12 || total
-------------------------+-------+-------+-------+-------++-------
Melee: Long sword        |    68 |   146 |   271 |   332 ||   817
       Headbutt          |       |    10 |    55 |    94 ||   159
Throw: Throwing net      |       |       |     3 |       ||     3
Invok: Heroism           |       |       |     1 |     1 ||     2
  Use: Scroll            |       |     6 |    17 |       ||    23
       Potion            |       |       |     2 |     6 ||     8
 Stab: Sleeping          |     1 |       |       |     2 ||     3
Armor: Leather armour    |    14 |    34 |       |       ||    48
       Scale mail        |       |    16 |    72 |       ||    88
       Acid dragon scale |       |       |    50 |    75 ||   125
Dodge: Dodged            |    48 |   103 |   141 |   191 ||   483
Block: Buckler           |       |     4 |    65 |   100 ||   169
       Rpst.: Long sword |    18 |    32 |    40 |    44 ||   134
